 Dungeon Crawl Stone Soup version 0.20.0-9-g8272e65 (webtiles) character file.

37 Kosschaser the Skirmisher (level 3, -1/43 HPs)
             Began as a Demonspawn Fighter on June 3, 2017.
             Succumbed to an adder's poison
             ... on level 2 of the Dungeon.
             The game lasted 00:01:32 (790 turns).

Kosschaser the Skirmisher (Demonspawn Fighter)       Turns: 790, Time: 00:01:32

Health: -1/43      AC: 21    Str: 17    XL:     3   Next: 21%
Magic:  3/3        EV:  2    Int:  9    God:
Gold:   134        SH:  9    Dex: 12    Spells: 2/2 levels left

rFire    + . .     SeeInvis .   a - +0 long sword
rCold    + . .     Gourm    .   c - +0 shield
rNeg     + + +     Faith    .   (armour currently unavailable)
rPois    +         Spirit   .   (helmet currently unavailable)
rElec    +         Reflect  .   (cloak currently unavailable)
rCorr    +         Harm     .   (gloves currently unavailable)
MR       .....     NoTele   +   (boots currently unavailable)
Stlth    +.........             (no amulet)
Regen    0.2/turn               (no ring)
MPRegen  0.1/turn               (no ring)

@: lethally poisoned (-1 -> -10), tree-form, resistant
A: powered by pain 1
a: no special abilities


You were on level 2 of the Dungeon.
You were not hungry.
You were a tree.
You visited 1 branch of the dungeon, and saw 2 of its levels.

You collected 134 gold pieces.

Inventory:

Hand Weapons
 a - a +0 long sword (weapon)
Armour
 b - a +0 scale mail (melded)
 c - a +0 shield (worn)
Scrolls
 e - 2 scrolls of remove curse {unknown}
 g - a scroll of recharging {unknown}
 i - 2 scrolls of magic mapping {unknown}
 j - 2 scrolls of blinking {unknown}
 k - a scroll of identify {unknown}
 n - a scroll of teleportation {unknown}
Potions
 d - a potion of might
 h - a potion of lignification
Comestibles
 f - a bread ration


   Skills:
 + Level 3.3 Fighting
 + Level 2.1 Long Blades
 + Level 2.9 Armour
 + Level 0.3 Dodging
 + Level 3.1 Shields


You had 2 spell levels left.
You didn't know any spells.

Dungeon Overview and Level Annotations

Branches:
Dungeon (2/15)

Altars:


Innate Abilities, Weirdness & Mutations

((You have a pair of small antennae on your head.))
You sometimes gain a little power by taking damage.


Message History

It was a potion of lignification.
You turn into a tree.
Your +0 scale mail melds into your body.
Your roots penetrate the ground.
* * * LOW HITPOINT WARNING * * *
You feel sick. The adder bites you but does no damage.
It was a potion of resistance.
You feel protected.
* * * LOW HITPOINT WARNING * * *
You feel sick.
The adder bites you but does no damage. x2
It was a potion of flight.
Your roots keep you in place.
* * * LOW HITPOINT WARNING * * *
You feel sick. You block the adder's attack.
You hit the adder.
You kill the adder!
You have reached level 3!
Your experience leads to an increase in your attributes!
Increase (S)trength, (I)ntelligence, or (D)exterity?
You feel stronger.
Your demonic ancestry asserts itself...
A pair of antennae grows on your head!
You die...

#.... #........##
#...<......#
#########.....$....#
#..................#
...................#
#..................#
..............(...##
................♣..#
#>.................#
#................(.#
#..#...<...........# .
#........[.........###..
##......................
#......................
##.#................####
...................##


There were no monsters in sight!

Vanquished Creatures
  An adder (D:2)
  An ooze (D:1)
  A worm (D:2)
  2 dart slugs (D:1)
  A leopard gecko (D:2)
  3 hobgoblins
  5 bats (D:1)
  2 goblins
  2 kobolds (D:1)
18 creatures vanquished.

Notes
Turn   | Place    | Note
-------+----------+-------------------------------------------
     0 | D:1      | Kosschaser the Demonspawn Fighter began the quest for the Orb.
     0 | D:1      | Reached XP level 1. HP: 18/18 MP: 1/1
   276 | D:1      | Gained mutation: You sometimes gain a little power by taking damage. [demonic ancestry]
   276 | D:1      | Reached XP level 2. HP: 18/24 MP: 2/2
   789 | D:2      | HP: 1/36 [poisoned by an adder]
   790 | D:2      | Gained mutation: You have a pair of small antennae on your head. [demonic ancestry]
   790 | D:2      | Reached XP level 3. HP: 1/29 MP: 3/3
   790 | D:2      | Succumbed to an adder's poison

Skill      XL: |  1  2 |
---------------+-------+-----
Shields        | 3 |  3.1
Long Blades    | 2 |  2.1
Fighting       | |  3.3
Armour         | |  2.9
Dodging        | |  0.3

Action                   || total
-------------------------++-------
Melee: Long sword        ||    65
  Use: Potion            ||     3
Armor: Scale mail        ||    41
       Skin              ||     3
Dodge: Dodged            ||    23
Block: Shield            ||    36
       Rpst.: Long sword ||    14
